 Dungeon Crawl Stone Soup version 0.31-a0-115-g4708a659fe (webtiles) character file.

Game seed: 14355483524645447043

49 Jeffwins the Shooter (level 3, -1/18 HPs)
             Began as a Vine Stalker Wanderer on May 29, 2023.
             Slain by a goblin
             ... wielding a +0 dagger
              (3 damage)
             ... on level 1 of the Dungeon.
             The game lasted 00:02:33 (1306 turns).

Jeffwins the Shooter (Vine Stalker Wanderer)        Turns: 1306, Time: 00:02:33

Health: -1/18      AC:  5    Str: 17    XL:     3   Next: 77%
Magic:  0/4        EV: 10    Int: 13    God:
Gold:   102        SH:  0    Dex: 11    Spells: 2/2 levels left

rFire   . . .        a - +2 sling
rCold   . . .        (no shield)
rNeg    + . .        c - +0 ring mail
rPois   .            (no helmet)
rElec   .            (no cloak)
rCorr   .            (no gloves)
SInv    .            (no boots)
Will    .....        (no amulet)
Stlth   +            N - ring of positive energy
HPRegen 0.23/turn    (no ring)
MPRegen 0.09/turn

%: guardian spirit
@: no status effects
A: fangs 2, magic shield, antimagic bite, no potion heal 2
a: no special abilities


You were on level 1 of the Dungeon.
You visited 1 branch of the dungeon, and saw 3 of its levels.

You collected 102 gold pieces.


Innate Abilities, Weirdness & Mutations

You have extremely sharp teeth.
When hurt, damage is shared between your health and your magic reserves.
Your bite disrupts and absorbs the magic of your enemies.
Potions cannot restore your health.


   Skills:
 + Level 1.7 Fighting
 - Level 1.0 Polearms
 * Level 2.8 Ranged Weapons
 - Level 2.4 Armour
 - Level 1.0 Dodging
 + Level 1.9 Stealth
 - Level 1.0 Invocations
 - Level 1.0 Evocations


You had 2 spell levels left.
You didn't know any spells.
Your spell library contained the following spells:

 Spells                   Type           Power      Damage    Failure   Level
 Iskenderun's Battlesphe  Conj           0%         2d6       100%        5
 Leda's Unmaking          Conj/Erth      0%         9d1       100%        6
 Spellforged Servitor     Conj/Summ      0%         N/A       100%        7

Inventory:

Hand Weapons
 a - a +2 sling (weapon)
 b - a +0 spear
 l - a +0 great sword
Missiles
 p - a throwing net {=f}
Armour
 c - a +0 ring mail (worn)
Jewellery
 F - a ring of fire
 N - a ring of positive energy (left hand)
Scrolls
 f - a scroll of amnesia {unknown}
 g - a scroll of teleportation {unknown}
 h - a scroll of enchant armour {unknown}
 i - a scroll of poison {unknown}
 k - a scroll of magic mapping {unknown}
 o - a scroll of immolation {unknown}
Potions
 d - a potion of attraction {!q}
 e - a potion of heal wounds {unknown}
 j - 2 potions of curing {unknown}
 m - a potion of brilliance {unknown}
 n - a potion of lignification {unknown}
 q - a potion of degeneration {unknown}

Dungeon Overview and Level Annotations

Branches:
Dungeon (3/15)

Altars:
Xom

####..#..##.# #.# ###..
+><'..+..##.# #.# ###
####..#..##.# #.# #####
.##...#.....# #.#######....
......#..###### #.........###
......#.......# #...#########
⌠....##.......# #.#...# #....
.....##.......#######.###.###....
....###........o@go.....#...#....
#++####...>...#########.###......
..............# #.# ##.....
..............#########.####.....
#.####...####....................
#.####...........######.#####....
#..#..........##.....##..####....
##............######...#...##....
..............# ###.....######


You could see 2 orcs and a goblin.


Message History

You shoot a sling bullet. The sling bullet barely misses the orc.
The orc hits you but does no damage. The goblin hits you but does no damage.
The orc closely misses you. The goblin hits you but does no damage.
Unknown command.
You shoot a sling bullet. The sling bullet hits the orc.
The orc is severely wounded.
The orc hits you with a +0 club.
* * * LOW HITPOINT WARNING * * *
The goblin hits you but does no damage.
Unknown command.
You shoot a sling bullet. The sling bullet barely misses the orc.
The orc hits you with a +0 club.
* * * LOW HITPOINT WARNING * * *
The goblin hits you but does no damage.
Unknown command.
You shoot a sling bullet. The sling bullet barely misses the orc.
The orc completely misses you. The goblin hits you but does no damage.
The orc hits you with a +0 club.
* * * LOW HITPOINT WARNING * * *
The goblin hits you but does no damage.
Unknown command.
You shoot a sling bullet.
The sling bullet closely misses the orc.
The orc barely misses you. The goblin barely misses you.
Unknown command.
You shoot a sling bullet. The sling bullet barely misses the orc.
The orc hits you with a +0 club.
* * * LOW HITPOINT WARNING * * *
The goblin hits you with a +0 dagger.
You die...

Skill      XL: |  1  2 |
---------------+-------+-----
Ranged Weapons | 2 |  2.8
Stealth        | 1 |  1.9
Fighting       | |  1.7
Polearms       | |  1.0
Armour         | |  2.4
Dodging        | |  1.0
Invocations    | |  1.0
Evocations     | |  1.0

Action                     || total
---------------------------++-------
   Fire: Sling             ||   117
 Armour: Ring mail         ||    70
  Dodge: Dodged            ||    75

Levels and vault maps discovered:
D:1:      dpeg_arrival_refuge, layout_rooms
D:2:      layout_basic, basic_altar, hellmonk_ecumenical_altar_leap_of_faith,
          serial_forest, infiniplex_forest_end_2, infiniplex_forest_clump_long,
          infiniplex_forest_corner_2, infiniplex_forest_end_2,
          infiniplex_forest_lined_corner, infiniplex_forest_straight_4,
          minmay_misc_feat_roman, chequers_big_river
D:3:      layout_rooms, minmay_crystal_room, minmay_misc_feat_four_crosses,
          nicolae_goblin_pals, uniq_terence

Notes
Turn   | Place    | Note
-------+----------+-------------------------------------------
     0 | D:1      | Jeffwins the Vine Stalker Wanderer began the quest for the
                  | Orb.
     0 | D:1      | Jeffwins set off with the following items: a +2 sling, a +0
                  | spear, a +0 ring mail, a potion of attraction {!q}.
     0 | D:1      | Reached XP level 1. HP: 10/10 MP: 2/2
    41 | D:1      | HP: 1/10 [kobold/+0 dagger (3)]
    46 | D:1      | Reached skill level 2 in Ranged Weapons
   194 | D:1      | You fall into a shaft and drop 1 floor!
   212 | D:2      | Reached XP level 2. HP: 14/14 MP: 3/3
   228 | D:1      | Reached skill level 1 in Stealth
   586 | D:2      | Reached XP level 3. HP: 18/18 MP: 4/4
   730 | D:2      | Found a shimmering altar of Xom.
   769 | D:2      | Found a faded altar of an unknown god.
  1306 | D:1      | Slain by a goblin

Vanquished Creatures
  An adder (D:2)
  A dart slug (D:1)
  An orc (D:2)
  7 ball pythons
  7 bats
  3 endoplasms
  3 giant cockroaches
  A goblin (D:2)
  2 hobgoblins (D:2)
  2 quokkas
  5 frilled lizards
  3 kobolds
  2 rats (D:2)
38 creatures vanquished.

Table legend: (Time is in decaauts)
 A = Elapsed time spent in this place.
 B = Non-inter-level travel time spent in this place.
 C = Inter-level travel time spent in this place.
 D = Time resting spent in this place.
 E = Time spent auto-exploring this place.
 F = Levels seen in this place.
 G = Mean time per level.
                   A        B        C        D        E       F      G
               +--------+--------+--------+--------+--------+-----+--------+
         Total |   1362 |   1271 |     91 |     25 |    977 |   3 |  454.0 |
       Dungeon |   1362 |   1271 |     91 |     25 |    977 |   3 |  454.0 |
               +--------+--------+--------+--------+--------+-----+--------+

Top non-repeatable levels by time:
     D:2: 828 daAuts
     D:1: 527 daAuts
     D:3: 5 daAuts

Table legend:
 A = Non-vault XP
 B = Vault XP
 C = Vault XP percentage of total XP
 D = Non-vault monster count
 E = Vault monster count
 F = Vault count percentage of total count
                 A         B        C        D         E       F
            +---------+---------+-------+---------+---------+-------
      Total |      71 |       0 |   0.0 |      38 |       0 |   0.0
            +---------+---------+-------+---------+---------+-------
        D:1 |      27 |       0 |   0.0 |      17 |       0 |   0.0
        D:2 |      44 |       0 |   0.0 |      21 |       0 |   0.0
            +---------+---------+-------+---------+---------+-------
